 Dungeon Crawl Stone Soup version 0.24.0 (webtiles) character file.

Game seed: 15721098581759636171, levelgen mode: deterministic

4 b5mith the Magician (level 1, -6/13 HPs)
             Began as a Mummy Venom Mage on Feb 8, 2020.
             Mangled by a worm (11 damage)
             ... on level 2 of the Dungeon.
             The game lasted 00:03:33 (258 turns).

b5mith the Magician (Mummy Venom Mage)               Turns: 258, Time: 00:03:34

Health: -6/13      AC:  5    Str: 11    XL:     1   Next: 58%
Magic:  1/4        EV: 12    Int: 14    God:
Gold:   25         SH:  0    Dex: 12    Spells: 4/5 levels left

rFire    x . .     SeeInvis .   (no weapon)
rCold    + . .     Gourm    .   (no shield)
rNeg     + + +     Faith    .   a - +0 robe
rPois    ∞         Spirit   .   (no helmet)
rElec    .         Reflect  .   (no cloak)
rCorr    .         Harm     .   c - +2 pair of gloves
MR       .....                  (no boots)
Stlth    ++........             (no amulet)
HPRegen  0.04/turn              (no ring)
MPRegen  0.09/turn              (no ring)

@: very slightly contaminated
A: no food or potions, fire vulnerability, cold resistance 1, negative energy
resistance 3, torment resistance, unbreathing
a: no special abilities


You were on level 2 of the Dungeon.
You were not hungry.

You visited 1 branch of the dungeon, and saw 2 of its levels.

You collected 25 gold pieces.

Inventory:

Armour
 a - a +0 robe (worn)
 c - a +2 pair of gloves (worn)
   (You found it on level 1 of the Dungeon)
Potions
 b - a potion of brilliance {unknown}


   Skills:
 + Level 1.6 Dodging
 + Level 1.6 Stealth
 + Level 2.8 Spellcasting
 + Level 0.9 Conjurations
 + Level 2.4 Poison Magic


You had 4 spell levels left.
You knew the following spells:

 Your Spells              Type           Power        Failure   Level  Hunger
a - Sting                 Conj/Pois      #...         11%         1    N/A

Your spell library contained the following spells:

 Spells                   Type           Power        Failure   Level  Hunger
 Poisonous Vapours        Pois/Air       #.....       21%         2    N/A
 Mephitic Cloud           Conj/Pois/Air  #.......     38%         3    N/A
 Olgreb's Toxic Radiance  Pois           #.......     61%         4    N/A
 Venom Bolt               Conj/Pois      #.........   97%         5    N/A

Dungeon Overview and Level Annotations

Branches:
Dungeon (1/15)

Altars:


Innate Abilities, Weirdness & Mutations

You do not eat or drink.
Your flesh is vulnerable to fire.
You are immune to poison.
Your flesh is cold resistant. (rC+)
You are immune to negative energy. (rN+++)
You are immune to unholy pain and torment.
You can survive without breathing.


Message History

The bat hits you but does no damage. The bat barely misses you.
The bat hits you but does no damage. The bat misses you.
The bat closely misses you. x2
The bat hits you but does no damage. The bat hits you but does no damage.
The bat barely misses you. The bat completely misses you.
The bat hits you but does no damage. The bat hits you but does no damage. x2
The bat hits you.
* * * LOW HITPOINT WARNING * * *
A rat comes into view.
The bat misses you. The bat barely misses you. The bat closely misses you.
The bat hits you but does no damage. The bat hits you.
* * * LOW HITPOINT WARNING * * *
The bat hits you but does no damage.
Casting: Sting (safe; 11% risk of failure)
Confirm with . or Enter, or press ? or * to list all spells.
Aiming: Sting (safe; 11% risk of failure)
Press: ? - help, Shift-Dir - straight line, f/p - bat
Aim: a bat You miscast Sting.
You are very lightly contaminated with residual magic.
You feel mildly nauseous. The bat closely misses you.
Casting: Sting (safe; 11% risk of failure)
Confirm with . or Enter, or press ? or * to list all spells.
Aiming: Sting (safe; 11% risk of failure)
Press: ? - help, Shift-Dir - straight line, f/p - bat
Aim: a bat The sting misses the bat.
The bat closely misses you. The bat hits you but does no damage.
The rat bites you but does no damage.
Casting: Sting (safe; 11% risk of failure)
Confirm with . or Enter, or press ? or * to list all spells.
Aiming: Sting (safe; 11% risk of failure)
Press: ? - help, Shift-Dir - straight line, f/p - bat
Aim: a bat The sting hits the bat.
The bat is poisoned.
The bat is moderately wounded.
The bat misses you. The rat barely misses you.
As you read the scroll labeled KIUVIJIOFA, it crumbles to dust.
The scroll dissolves into smoke.
It was a scroll of fog.
You feel a bit more experienced. The rat closely misses you.
You hit the rat but do no damage. The rat bites you.
* * * LOW HITPOINT WARNING * * *
The worm bites you but does no damage.
You barely miss the rat. The rat closely misses you. The worm bites you!
Ouch! That really hurt!
You die...

###.......#
#..........
#.#.###### #.#.#
#.#.# #.#.# #.#.#
#.#
###.#.#######....#
#.....w@r§§§§.#
#.w.#########.#
#.#.# #.# #.#.#
#.### #.#.# #!..
#.#.# ##..####
#w#.. ......
#.###########..#
#........w.....#


You could see 2 worms and a rat.

Vanquished Creatures
  A goblin (D:1)
  2 bats
  A frilled lizard (D:1)
  A rat (D:1)
5 creatures vanquished.

Notes
Turn   | Place    | Note
-------+----------+-------------------------------------------
     0 | D:1      | b5mith the Mummy Venom Mage began the quest for the Orb.
     0 | D:1      | Reached XP level 1. HP: 13/13 MP: 4/4
   157 | D:1      | You fall into a shaft and drop 1 floor!
   258 | D:2      | Mangled by a worm

Levels and vault maps discovered:
D:1:      doesnt_arrival_eight_statues, layout_loops_ring, minmay_pentomino_t2
D:2:      layout_loops_ring
